[ PARTIDA AOE2 · #506301690 ]
UnrankedTeutones vs Byzantines
Equipo del jugador · VICT
Equipo rival · DERR
[ ANÁLISIS DE REPETICIÓN · EXTRAÍDO DE LA PARTIDA GRABADA ]
Feudal
8:52
Castillos
26:16
Imperial
48:04
| APM promedio | 44.5 |
| APM pico | 69 |
| eAPM promedio | 21.3 |
| Aldeanos / militares | 135 / 123 |
Foco
⚔️ 35.6% · 🌾 64.4%
Knight ×46 · Spearman ×35 · Skirmisher ×20 · Mangonel ×6 · Monk ×4 · Scout Cavalry ×4
Feudal
9:00
Castillos
28:45
Imperial
49:40
| APM promedio | 69.8 |
| APM pico | 107 |
| eAPM promedio | 30.9 |
| Aldeanos / militares | 181 / 169 |
Foco
⚔️ 45.5% · 🌾 54.5%
Archer ×56 · Camel Scout ×53 · Skirmisher ×38 · Spearman ×17 · Bombard Cannon ×2 · Cavalry Archer ×2
Mapa de la partida
Recursos iniciales + cada clic de construcción. Líneas = muros · curvas = relieve. ◆ oro · ⬟ piedra · ● bayas · ✦ reliquia · ◌ hueco del cierre
Tu base· ✓ Cerrada en 26:16 · 42t muro · 1 puerta(s)
Base de Fabrizio 094455· Abierta — hueco de 5t
Terreno inicial suavizado · ◌ = hueco del cierre detectado · pasá el cursor para detalles
Inputs por minuto
— Espummoni - - Fabrizio 094455
Build order — Espummoni
Primeras 150 de 474 acciones detectadas
| 0:01 | Crear | Villager (Male) |
| 0:01 | Crear | Villager (Male) |
| 0:02 | Construir | House |
| 0:03 | Construir | House |
| 0:14 | Crear | Villager (Male) |
| 0:14 | Crear | Villager (Male) |
| 1:24 | Crear | Villager (Male) |
| 1:24 | Crear | Villager (Male) |
| 1:50 | Crear | Villager (Male) |
| 1:56 | Construir | Lumber Camp |
| 2:20 | Crear | Villager (Male) |
| 2:39 | Construir | House |
| 2:41 | Construir | House |
| 2:57 | Crear | Villager (Male) |
| 2:57 | Crear | Villager (Male) |
| 3:14 | Crear | Villager (Male) |
| 3:37 | Crear | Villager (Male) |
| 3:52 | Crear | Villager (Male) |
| 4:35 | Crear | Villager (Male) |
| 4:51 | Construir | Mill |
| 4:57 | Crear | Villager (Male) |
| 5:07 | Crear | Villager (Male) |
| 5:10 | Crear | Villager (Male) |
| 5:13 | Investigar | Loom |
| 6:42 | Investigar | Feudal Age |
| 6:42 | Investigar | Feudal Age |
| 7:36 | Construir | Barracks |
| 8:02 | Construir | Farm |
| 8:41 | Crear | Villager (Male) |
| 8:52 | Edad | Edad Feudal |
| 9:01 | Construir | Archery Range |
| 9:04 | Investigar | Double-Bit Axe |
| 9:14 | Crear | Villager (Male) |
| 9:22 | Construir | House |
| 9:30 | Crear | Spearman |
| 9:36 | Crear | Skirmisher |
| 9:58 | Construir | Watch Tower |
| 10:03 | Construir | House |
| 10:08 | Crear | Spearman |
| 10:11 | Crear | Villager (Male) |
| 10:43 | Crear | Spearman |
| 10:52 | Crear | Skirmisher |
| 11:20 | Crear | Skirmisher |
| 11:39 | Construir | Farm |
| 11:40 | Crear | Villager (Male) |
| 11:42 | Construir | Mill |
| 11:46 | Crear | Skirmisher |
| 12:05 | Crear | Villager (Male) |
| 12:12 | Construir | Archery Range |
| 12:23 | Crear | Villager (Male) |
| 12:37 | Construir | Farm |
| 12:50 | Construir | Farm |
| 12:52 | Construir | Farm |
| 13:03 | Crear | Villager (Male) |
| 13:25 | Crear | Villager (Male) |
| 13:32 | Crear | Villager (Male) |
| 13:35 | Crear | Skirmisher |
| 13:37 | Construir | House |
| 13:52 | Construir | Farm |
| 13:56 | Crear | Villager (Male) |
| 13:57 | Crear | Skirmisher |
| 14:04 | Construir | Blacksmith |
| 14:11 | Crear | Villager (Male) |
| 14:12 | Construir | Farm |
| 14:21 | Crear | Skirmisher |
| 14:22 | Crear | Skirmisher |
| 14:34 | Construir | Farm |
| 14:38 | Crear | Skirmisher |
| 14:49 | Crear | Villager (Male) |
| 14:52 | Crear | Skirmisher |
| 15:03 | Investigar | Fletching |
| 15:03 | Investigar | Fletching |
| 15:04 | Crear | Villager (Male) |
| 15:08 | Construir | Farm |
| 15:15 | Crear | Skirmisher |
| 15:32 | Crear | Villager (Male) |
| 15:48 | Construir | House |
| 15:51 | Construir | House |
| 15:59 | Crear | Skirmisher |
| 16:24 | Crear | Skirmisher |
| 16:39 | Crear | Skirmisher |
| 16:42 | Investigar | Padded Archer Armor |
| 16:52 | Crear | Villager (Male) |
| 16:53 | Crear | Villager (Male) |
| 17:03 | Construir | Farm |
| 17:04 | Crear | Villager (Male) |
| 17:10 | Construir | Palisade Wall |
| 17:20 | Construir | House |
| 17:22 | Construir | Palisade Wall |
| 17:23 | Construir | Palisade Wall |
| 17:27 | Construir | Farm |
| 17:29 | Construir | House |
| 17:37 | Crear | Villager (Male) |
| 17:44 | Crear | Skirmisher |
| 17:50 | Crear | Villager (Male) |
| 18:07 | Construir | Stable |
| 18:17 | Crear | Skirmisher |
| 18:18 | Crear | Villager (Male) |
| 18:20 | Construir | Palisade Wall |
| 18:22 | Construir | Palisade Wall |
| 18:25 | Crear | Villager (Male) |
| 18:27 | Construir | Farm |
| 18:31 | Construir | House |
| 18:33 | Construir | Palisade Wall |
| 18:40 | Construir | House |
| 18:42 | Construir | Palisade Wall |
| 18:46 | Crear | Skirmisher |
| 18:52 | Crear | Scout Cavalry |
| 18:53 | Crear | Scout Cavalry |
| 18:54 | Crear | Scout Cavalry |
| 18:59 | Construir | Farm |
| 19:09 | Crear | Villager (Male) |
| 19:13 | Crear | Skirmisher |
| 19:27 | Construir | Palisade Gate |
| 19:45 | Construir | Farm |
| 19:47 | Construir | Palisade Wall |
| 20:07 | Investigar | Scale Barding Armor |
| 20:14 | Crear | Villager (Male) |
| 20:18 | Crear | Scout Cavalry |
| 20:26 | Crear | Villager (Male) |
| 20:34 | Crear | Villager (Male) |
| 20:43 | Crear | Villager (Male) |
| 20:45 | Construir | Farm |
| 20:47 | Construir | Farm |
| 20:48 | Construir | Farm |
| 20:49 | Crear | Villager (Male) |
| 20:51 | Construir | Farm |
| 20:51 | Construir | Farm |
| 20:52 | Construir | Farm |
| 20:52 | Construir | Farm |
| 20:52 | Construir | Farm |
| 20:54 | Crear | Villager (Male) |
| 21:05 | Construir | Mining Camp |
| 21:51 | Crear | Skirmisher |
| 22:04 | Crear | Villager (Male) |
| 22:06 | Construir | Farm |
| 22:07 | Construir | Farm |
| 22:07 | Construir | Farm |
| 22:09 | Construir | Farm |
| 22:11 | Construir | Farm |
| 22:12 | Construir | Farm |
| 22:16 | Construir | Farm |
| 22:34 | Crear | Spearman |
| 22:43 | Crear | Villager (Male) |
| 22:59 | Construir | House |
| 23:36 | Investigar | Castle Age |
| 23:36 | Investigar | Castle Age |
| 24:32 | Construir | Lumber Camp |
| 24:43 | Crear | Skirmisher |
| 24:47 | Construir | Lumber Camp |
Build order — Fabrizio 094455
Primeras 150 de 550 acciones detectadas
| 0:01 | Crear | Villager (Male) |
| 0:02 | Crear | Villager (Male) |
| 0:02 | Crear | Villager (Male) |
| 0:03 | Construir | House |
| 0:04 | Construir | House |
| 0:06 | Crear | Villager (Male) |
| 0:06 | Crear | Villager (Male) |
| 1:29 | Crear | Villager (Male) |
| 1:29 | Crear | Villager (Male) |
| 1:55 | Construir | Lumber Camp |
| 2:01 | Crear | Villager (Male) |
| 2:02 | Crear | Villager (Male) |
| 2:17 | Crear | Villager (Male) |
| 2:17 | Crear | Villager (Male) |
| 2:46 | Crear | Villager (Male) |
| 3:18 | Crear | Villager (Male) |
| 3:30 | Construir | House |
| 3:34 | Crear | Villager (Male) |
| 3:34 | Crear | Villager (Male) |
| 3:59 | Crear | Villager (Male) |
| 4:00 | Crear | Villager (Male) |
| 4:07 | Construir | Mill |
| 4:22 | Crear | Villager (Male) |
| 4:39 | Crear | Villager (Male) |
| 5:03 | Crear | Villager (Male) |
| 5:20 | Crear | Villager (Male) |
| 5:40 | Investigar | Loom |
| 6:23 | Construir | Mining Camp |
| 6:50 | Investigar | Feudal Age |
| 7:26 | Construir | Palisade Gate |
| 8:07 | Construir | Barracks |
| 8:13 | Construir | Barracks |
| 8:16 | Construir | House |
| 8:19 | Crear | Villager (Male) |
| 8:22 | Construir | Palisade Wall |
| 8:32 | Construir | Palisade Wall |
| 8:41 | Crear | Villager (Male) |
| 8:57 | Crear | Villager (Male) |
| 9:00 | Edad | Edad Feudal |
| 9:11 | Construir | Archery Range |
| 9:14 | Construir | House |
| 9:51 | Crear | Spearman |
| 9:56 | Crear | Villager (Male) |
| 10:09 | Crear | Spearman |
| 10:10 | Crear | Skirmisher |
| 10:11 | Crear | Skirmisher |
| 10:11 | Crear | Skirmisher |
| 10:11 | Crear | Skirmisher |
| 10:43 | Crear | Skirmisher |
| 10:45 | Crear | Spearman |
| 10:45 | Crear | Spearman |
| 11:09 | Construir | Palisade Wall |
| 11:26 | Construir | Palisade Wall |
| 11:27 | Construir | Palisade Wall |
| 11:28 | Construir | Palisade Wall |
| 11:30 | Crear | Villager (Male) |
| 11:30 | Crear | Villager (Male) |
| 11:49 | Crear | Villager (Male) |
| 11:49 | Crear | Villager (Male) |
| 11:59 | Construir | House |
| 12:12 | Construir | House |
| 12:33 | Crear | Skirmisher |
| 12:33 | Crear | Skirmisher |
| 12:36 | Construir | Mill |
| 12:41 | Construir | Mill |
| 13:18 | Crear | Skirmisher |
| 13:18 | Crear | Skirmisher |
| 13:23 | Crear | Spearman |
| 13:46 | Crear | Skirmisher |
| 13:49 | Crear | Villager (Male) |
| 13:51 | Construir | Farm |
| 13:52 | Construir | Farm |
| 13:53 | Construir | Farm |
| 14:17 | Crear | Villager (Male) |
| 14:18 | Crear | Villager (Male) |
| 14:34 | Crear | Villager (Male) |
| 14:42 | Construir | Blacksmith |
| 14:52 | Crear | Skirmisher |
| 15:18 | Crear | Villager (Male) |
| 15:19 | Crear | Villager (Male) |
| 15:24 | Crear | Spearman |
| 15:24 | Crear | Spearman |
| 15:37 | Crear | Villager (Male) |
| 15:40 | Construir | Farm |
| 15:41 | Construir | Farm |
| 15:45 | Construir | Farm |
| 15:50 | Investigar | Fletching |
| 15:50 | Investigar | Fletching |
| 15:57 | Construir | House |
| 15:58 | Construir | Palisade Wall |
| 16:01 | Crear | Skirmisher |
| 16:20 | Crear | Skirmisher |
| 16:21 | Crear | Villager (Male) |
| 16:29 | Construir | House |
| 16:42 | Crear | Skirmisher |
| 16:46 | Crear | Skirmisher |
| 16:47 | Crear | Villager (Male) |
| 16:51 | Crear | Villager (Male) |
| 17:20 | Crear | Skirmisher |
| 17:21 | Crear | Villager (Male) |
| 17:24 | Construir | House |
| 17:46 | Crear | Skirmisher |
| 18:13 | Crear | Skirmisher |
| 18:16 | Crear | Villager (Male) |
| 18:18 | Construir | Archery Range |
| 18:30 | Crear | Skirmisher |
| 18:30 | Crear | Villager (Male) |
| 18:37 | Construir | House |
| 18:41 | Construir | Farm |
| 18:45 | Construir | Farm |
| 18:46 | Construir | Farm |
| 18:59 | Crear | Skirmisher |
| 19:01 | Crear | Villager (Male) |
| 19:08 | Construir | House |
| 19:12 | Crear | Skirmisher |
| 19:13 | Crear | Skirmisher |
| 19:13 | Crear | Skirmisher |
| 19:16 | Construir | House |
| 19:27 | Crear | Villager (Male) |
| 19:41 | Construir | Farm |
| 19:48 | Construir | House |
| 19:59 | Crear | Villager (Male) |
| 20:01 | Crear | Villager (Male) |
| 20:02 | Crear | Skirmisher |
| 20:07 | Construir | House |
| 20:14 | Crear | Skirmisher |
| 20:27 | Investigar | Padded Archer Armor |
| 20:28 | Crear | Villager (Male) |
| 20:46 | Crear | Skirmisher |
| 20:58 | Construir | Lumber Camp |
| 21:07 | Construir | House |
| 21:18 | Crear | Skirmisher |
| 21:18 | Crear | Skirmisher |
| 21:23 | Crear | Spearman |
| 21:24 | Crear | Spearman |
| 21:35 | Crear | Skirmisher |
| 21:35 | Crear | Skirmisher |
| 21:36 | Crear | Villager (Male) |
| 21:37 | Crear | Villager (Male) |
| 21:37 | Crear | Villager (Male) |
| 21:40 | Construir | Farm |
| 21:44 | Construir | House |
| 21:47 | Construir | House |
| 21:48 | Construir | House |
| 21:50 | Crear | Spearman |
| 21:52 | Crear | Skirmisher |
| 21:53 | Crear | Skirmisher |
| 21:56 | Crear | Villager (Male) |
| 21:56 | Crear | Villager (Male) |
| 22:06 | Construir | Farm |
Cronología de la partida
| 7:36 | Espummoni · first_building Barracks |
| 8:07 | Fabrizio 094455 · first_building Barracks |
| 8:22 | Fabrizio 094455 · wall_segment Palisade Wall x1 |
| 8:32 | Fabrizio 094455 · wall_segment Palisade Wall x1 |
| 8:52 | Espummoni · age_up feudal |
| 9:00 | Fabrizio 094455 · age_up feudal |
| 9:01 | Espummoni · first_building Archery Range |
| 9:11 | Fabrizio 094455 · first_building Archery Range |
| 11:09 | Fabrizio 094455 · wall_segment Palisade Wall x5 |
| 11:26 | Fabrizio 094455 · wall_segment Palisade Wall x5 |
| 11:27 | Fabrizio 094455 · wall_segment Palisade Wall x5 |
| 11:28 | Fabrizio 094455 · wall_segment Palisade Wall x4 |
| 15:58 | Fabrizio 094455 · wall_segment Palisade Wall x7 |
| 17:10 | Espummoni · wall_segment Palisade Wall x5 |
| 17:22 | Espummoni · wall_segment Palisade Wall x6 |
| 17:23 | Espummoni · wall_segment Palisade Wall x9 |
| 18:07 | Espummoni · first_building Stable |
| 18:20 | Espummoni · wall_segment Palisade Wall x9 |
| 18:22 | Espummoni · wall_segment Palisade Wall x1 |
| 18:33 | Espummoni · wall_segment Palisade Wall x5 |
| 18:42 | Espummoni · wall_segment Palisade Wall x3 |
| 19:47 | Espummoni · wall_segment Palisade Wall x4 |
| 22:50 | Fabrizio 094455 · wall_segment Palisade Wall x1 |
| 25:52 | Fabrizio 094455 · first_market_sell 500 wood |
| 25:53 | Fabrizio 094455 · first_market_buy 100 food |
| 26:16 | Espummoni · age_up castle |
| 28:26 | Espummoni · first_building Siege Workshop |
| 28:45 | Fabrizio 094455 · age_up castle |
| 29:50 | Espummoni · first_building Monastery |
| 30:18 | Fabrizio 094455 · wall_segment Palisade Wall x1 |
| 30:23 | Espummoni · first_market_sell 100 food |
| 30:30 | Fabrizio 094455 · wall_segment Palisade Wall x1 |
| 34:06 | Fabrizio 094455 · first_building Stable |
| 38:14 | Espummoni · first_market_buy 100 stone |
| 42:20 | Fabrizio 094455 · first_building Monastery |
| 43:38 | Espummoni · first_building Castle |
| 45:46 | Fabrizio 094455 · wall_segment Palisade Wall x1 |
| 47:29 | Fabrizio 094455 · first_building Castle |
| 48:04 | Espummoni · age_up imperial |
| 49:40 | Fabrizio 094455 · age_up imperial |
| 50:50 | Fabrizio 094455 · first_building Siege Workshop |
| 51:57 | Fabrizio 094455 · resign |
[ ANÁLISIS IA · 1 CRÉDITO ]
¿Qué pasó realmente en esta partida?
Wolo.gg analiza cada decisión: build order, eco, micro, errores típicos por bracket. Análisis personalizado por WhatsApp o Discord en 30 segundos.
Guía civ
Teutones
Perfil
Jugador #9062096